Map: Ghost River LE

Players

IIIIIIIIIIII - Winner!

  • Race: Terran Terran
  • League: Master
  • Spawn Location: 11:00

fucboost

  • Race: Terran Terran
  • League: Diamond
  • Spawn Location: 1:00

VOD

Have the link to the VOD?

Description

Time

  • Played on: June 4, 2024, 3:32 a.m.
  • Length: 19:27
Show
View Real Time Build Order
Export as new Build Order

IIIIIIIIIIII Terran - Winner!

Build Orders: Cyclone Opening, Mech 

Get SALT Encoding   

  12  0:00  SCV  
  13  0:12  SCV  
  14  0:17  Supply Depot  
  14  0:24  SCV  
  15  0:39  SCV  
  15  0:40  Barracks  
  16  0:44  Refinery  
  16  0:51  SCV  
  16  0:56  Refinery  
  17  1:03  SCV  
  18  1:15  SCV  
  19  1:27  Orbital Command, Reaper  
  19  1:28  Supply Depot  
  20  1:43  Factory  
  20  1:53  SCV  
  21  1:59  Reaper  
  22  2:12  SCV  
  23  2:20  Command Center  
  23  2:26  Cyclone  
  23  2:27  SCV  
  26  2:43  SCV  
  27  2:47  Supply Depot  
  27  2:50  Starport  
  27  2:53  Reaper  
  27  2:55  SCV  
  29  3:02  Cyclone  
  31  3:08  SCV  
  32  3:20  SCV  
  33  3:27  Starport Tech Lab  
  33  3:30  Barracks Reactor  
  33  3:32  Orbital Command, SCV  
  34  3:35  Factory Tech Lab  
  34  3:38  Refinery  
  34  3:45  SCV  
  34  3:47  Raven  
  37  3:55  Command Center  
  37  3:57  SCV  
  33  4:07  Marine x2  
  33  4:08  SCV  
  36  4:10  Siege Tank  
  36  4:12  SCV  
  40  4:20  SCV  
  41  4:25  Marine x2, SCV  
  44  4:37  SCV  
  45  4:42  Marine x2  
  45  4:43  Siege Tank  
  50  4:50  SCV x2  
  52  5:04  SCV x2  
  54  5:12  Orbital Command  
  54  5:13  Refinery  
  54  5:14  Marine x2, Interference Matrix, Raven  
  56  5:15  Siege Tank  
  56  5:16  SCV  
  56  5:17  SCV  
  56  5:19  Supply Depot  
  60  5:28  SCV  
  60  5:29  SCV  
  60  5:33  Engineering Bay  
  61  5:37  Orbital Command  
  61  5:40  Factory  
  61  5:41  SCV x2  
  63  5:44  Factory  
  63  5:53  SCV x2  
  63  5:55  Marine x2, Siege Tank, Refinery  
  70  6:04  SCV  
  71  6:05  SCV x2, Missile Turret  
  73  6:16  SCV, Missile Turret  
  73  6:17  SCV x2  
  76  6:19  Supply Depot  
  76  6:20  Missile Turret  
  76  6:24  Missile Turret  
  76  6:26  Factory Tech Lab  
  76  6:27  Factory Reactor  
  76  6:28  SCV, Missile Turret  
  76  6:29  SCV x2, Missile Turret x2  
  76  6:30  Missile Turret  
  79  6:35  Refinery  
  79  6:36  Viking x2  
  83  6:40  SCV  
  83  6:41  SCV x2  
  86  6:48  Missile Turret x2  
  86  6:49  Missile Turret  
  86  6:56  SCV x2, Armory  
  86  6:57  Armory  
  86  7:01  Siege Tank  
  91  7:08  Viking  
  93  7:13  Viking, SCV x2  
  97  7:15  Supply Depot  
  97  7:16  SCV  
  97  7:18  Siege Tank  
  101  7:33  Command Center  
  101  7:37  SCV, Siege Tank  
  101  7:38  Viking  
  101  7:43  Hellion  
  109  7:46  Terran Vehicle And Ship Armor Level 1, Terran Vehicle Weapons Level 1  
  109  7:59  Viking, SCV  
  109  8:00  Hellion  
  109  8:01  Hi-Sec Auto Tracking  
  109  8:03  Missile Turret  
  109  8:05  Infernal Pre-Igniter, Siege Tank  
  117  8:07  Missile Turret  
  117  8:20  SCV x2  
  117  8:22  SCV  
  117  8:24  Viking  
  111  8:29  Viking  
  113  8:34  SCV  
  113  8:36  Siege Tank  
  113  8:38  SCV  
  117  8:42  SCV  
  117  8:43  Hellion  
  117  8:44  Command Center  
  116  8:55  Hellion  
  117  9:07  Command Center  
  117  9:22  Barracks  
  117  9:23  Starport  
  117  9:24  Starport  
  117  9:27  Refinery  
  117  9:29  Command Center  
  117  9:33  Refinery  
  117  9:37  Supply Depot  
  117  9:39  Supply Depot  
  117  9:46  Supply Depot  
  117  9:48  Viking, SCV x2, Sensor Tower  
  117  9:49  Viking, SCV, Siege Tank  
  117  9:50  Hellion, Sensor Tower  
  117  9:51  Supply Depot, Siege Tank  
  117  9:52  Supply Depot  
  107  9:55  Missile Turret  
  107  9:57  Planetary Fortress  
  89  10:01  SCV  
  89  10:03  Hellion  
  89  10:05  SCV  
  89  10:06  SCV  
  90  10:11  Hellion  
  91  10:16  SCV  
  91  10:18  Viking  
  91  10:19  Viking  
  91  10:21  Starport Reactor, Siege Tank  
  95  10:22  Starport Reactor  
  95  10:25  Hellion  
  95  10:32  Hellion  
  93  10:46  Hellion  
  93  10:48  Viking  
  93  10:49  Viking  
  99  10:54  Hellion  
  99  10:55  Planetary Fortress  
  97  10:58  Hellion, Siege Tank x2  
  97  10:59  Liberator x2  
  97  11:00  Liberator  
  112  11:12  SCV  
  112  11:13  Factory  
  112  11:14  Factory, SCV  
  112  11:15  Supply Depot  
  114  11:28  Hellion x2, SCV  
  114  11:30  Siege Tank x2  
  125  11:34  Terran Vehicle Weapons Level 2  
  125  11:49  Hellion  
  125  11:50  Hellion  
  127  12:02  Hellion  
  127  12:03  Thor  
  127  12:05  Factory Tech Lab  
  127  12:06  SCV  
  127  12:08  Supply Depot  
  136  12:11  Supply Depot, SCV  
  137  12:16  SCV  
  137  12:17  SCV  
  137  12:18  SCV  
  140  12:27  Command Center  
  141  12:30  SCV  
  141  12:36  Viking x2  
  136  12:48  Siege Tank x3  
  145  13:09  Hellion x2, Siege Tank  
  145  13:12  SCV  
  153  13:14  Supply Depot  
  153  13:16  Supply Depot  
  153  13:20  Siege Tank  
  156  13:35  Viking, SCV, Siege Tank  
  156  13:36  Hellion  
  156  13:37  Hellion x2, Liberator  
  156  13:39  SCV, Liberator  
  156  13:40  Refinery  
  175  13:54  Planetary Fortress  
  175  13:59  Hellion  
  175  14:00  Hellion  
  175  14:01  Command Center  
  174  14:04  Refinery  
  174  14:11  SCV  
  174  14:12  SCV  
  170  14:34  Thor x4  
  194  14:40  Terran Vehicle Weapons Level 3  
  194  14:45  Missile Turret  
  194  14:46  Missile Turret  
  194  14:58  SCV  
  194  14:59  SCV x2  
  179  15:05  Viking x3  
  179  15:06  Hellion  
  172  15:16  Thor  
  159  15:25  Thor  
  153  15:34  Hellion  
  155  15:37  Hellion  
  157  15:49  Hellion x2  
Show
View Real Time Build Order
Export as new Build Order

fucboost Terran 

Build Orders: Cyclone Opening 

Get SALT Encoding   

  12  0:00  SCV  
  13  0:13  SCV  
  14  0:17  Supply Depot  
  14  0:25  SCV  
  14  0:28  Refinery  
  15  0:38  SCV  
  16  0:45  Barracks  
  16  0:53  SCV  
  17  1:05  SCV  
  18  1:18  SCV  
  20  1:32  Reaper  
  20  1:33  Orbital Command  
  20  1:46  Command Center  
  20  1:54  Factory  
  20  2:00  SCV  
  21  2:06  Barracks Reactor  
  21  2:12  SCV  
  21  2:13  Supply Depot  
  22  2:17  Refinery  
  22  2:24  SCV  
  23  2:36  SCV  
  24  2:38  Cyclone  
  25  2:49  SCV  
  25  2:50  Marine  
  25  2:51  Marine  
  28  2:58  Starport  
  28  2:59  Orbital Command  
  28  3:05  SCV  
  29  3:09  Marine x2  
  31  3:16  Cyclone  
  33  3:20  SCV  
  35  3:27  Marine, SCV  
  35  3:30  Supply Depot  
  35  3:32  SCV  
  37  3:36  Liberator  
  37  3:39  SCV  
  41  3:44  Supply Depot  
  41  3:45  SCV  
  42  3:49  Factory Tech Lab  
  42  3:50  Marine x2  
  43  4:08  Marine x2, Siege Tank  
  43  4:09  SCV  
  49  4:12  Refinery  
  49  4:15  SCV  
  50  4:21  SCV  
  51  4:24  Medivac, Barracks  
  51  4:25  Barracks  
  51  4:26  Marine  
  51  4:27  SCV  
  55  4:37  Marine  
  54  4:44  Marine  
  55  4:50  SCV  
  55  4:55  Marine  
  51  5:01  Marine  
  51  5:04  SCV x2  
  50  5:13  Engineering Bay  
  50  5:14  Engineering Bay  
  50  5:15  Barracks Reactor  
  50  5:16  SCV x2  
  50  5:17  Factory Tech Lab, Starport Reactor  
  50  5:18  Marine  
  50  5:19  Marine  
  50  5:32  Marine  
  50  5:33  Stimpack  
  47  5:36  Marine, SCV  
  47  5:37  Marine, SCV  
  47  5:41  Terran Infantry Weapons Level 1, Terran Infantry Armor Level 1  
  51  5:44  Siege Tank  
  54  5:50  Marine  
  54  5:53  Marine x2, SCV  
  54  5:54  Marine  
  54  5:55  Marine  
  54  5:56  SCV  
  61  5:58  Supply Depot  
  61  6:01  Supply Depot  
  61  6:03  Supply Depot  
  61  6:08  Marine  
  62  6:16  Marine x4, Medivac, SCV x2  
  70  6:19  Siege Tank  
  73  6:26  Marine  
  73  6:28  SCV x2  
  73  6:32  Supply Depot  
  76  6:34  Marine x4  
  76  6:36  Medivac  
  82  6:41  SCV  
  82  6:43  Barracks  
  82  6:44  Marine  
  82  6:45  Barracks  
  82  6:46  Medivac  
  86  6:52  Marine x4, Siege Tank  
  93  6:55  Supply Depot  
  93  7:01  SCV x2  
  93  7:02  Marine  
  93  7:08  Supply Depot, Command Center  
  96  7:09  Marine x2  
  96  7:10  Marine x2  
  96  7:14  Combat Shield  
  100  7:19  Marine  
  101  7:23  SCV x2  
  101  7:27  Marine x4  
  107  7:36  Marine  
  109  7:37  Marine  
  110  7:45  Marine x3  
  110  7:50  Marine  
  114  7:53  Barracks Tech Lab  
  114  7:55  Marine, Barracks Tech Lab  
  114  8:00  Siege Tank  
  114  8:01  Armory  
  114  8:03  Marine  
  118  8:18  Marine, Marauder  
  118  8:19  Marine x2  
  118  8:21  Marine  
  106  8:30  Marine x2  
  106  8:32  Siege Tank  
  103  8:34  Supply Depot  
  103  8:36  Marine  
  103  8:37  Marine x2  
  103  8:39  Marine  
  103  8:40  Marauder  
  109  8:48  Marauder x2  
  101  8:53  Marine  
  101  8:55  Marine x2  
  89  8:56  Marine  
  89  9:01  Marauder  
  88  9:04  Orbital Command  
  88  9:08  Terran Infantry Weapons Level 2, Terran Infantry Armor Level 2  
  88  9:09  Marauder  
  92  9:10  Marauder  
  92  9:11  Marine  
  92  9:12  Medivac  
  92  9:13  Marine x2  
  92  9:14  Marine  
  92  9:15  Medivac  
  100  9:22  Supply Depot  
  100  9:23  Marauder  
  102  9:29  Marine  
  102  9:31  Marine x2, Marauder x2  
  109  9:32  Marine  
  111  9:38  SCV x2  
  111  9:42  Medivac  
  111  9:43  Marine  
  115  9:47  Marine  
  115  9:49  Marine x2  
  115  9:52  Marauder x2  
  98  10:00  Marine  
  98  10:01  Marine  
  98  10:02  Medivac  
  98  10:05  Marine  
  98  10:06  Marine x2  
  102  10:07  Supply Depot  
  102  10:11  Refinery  
  102  10:14  Marauder x2  
  106  10:17  Marine  
  106  10:20  Marauder  
  109  10:22  Marine  
  109  10:24  Marine x2  
  112  10:30  SCV  
  112  10:32  Supply Depot  
  112  10:35  Marine, Marauder x2  
  115  10:40  Marine  
  115  10:41  Marauder  
  115  10:42  Marine x2  
  121  10:53  Marine  
  121  10:56  Marauder x2  
  112  10:58  Marine  
  112  11:00  Marine x2  
  112  11:02  Marauder  
  113  11:06  SCV  
  113  11:07  Supply Depot  
  113  11:11  Marine  
  114  11:16  Marine  
  114  11:18  Marine, Marauder x2, Command Center  
  121  11:20  Marine  
  121  11:21  Liberator x2  
  121  11:24  Marauder  
  130  11:28  Starport  
  130  11:29  Marine, Supply Depot  
  130  11:30  Starport  
  131  11:32  Refinery  
  131  11:33  Refinery  
  131  11:34  Marine  
  131  11:35  Marine  
  131  11:36  Command Center  
  131  11:39  Marauder x2  
  132  11:42  Marine  
  132  11:45  Marauder  
  132  11:47  Marine  
  129  11:53  SCV  
  131  11:56  SCV x2  
  131  12:00  Marauder  
  133  12:01  Concussive Shells  
  133  12:05  SCV  
  132  12:08  SCV  
  132  12:09  Starport Reactor, SCV  
  132  12:15  Starport Reactor  
  134  12:17  SCV  
  134  12:20  SCV  
  134  12:22  SCV  
  137  12:28  Terran Ship Weapons Level 1  
  137  12:29  SCV  
  138  12:33  SCV  
  138  12:34  SCV  
  140  12:41  SCV  
  141  12:45  SCV  
  141  12:46  SCV  
  141  12:47  Marine  
  141  12:48  Marine x2, Marauder x3  
  141  12:50  Viking  
  154  12:53  SCV  
  154  12:56  Planetary Fortress  
  154  12:58  SCV  
  151  13:13  Viking x3  
  157  13:22  Planetary Fortress  
  157  13:24  Viking  
  159  13:41  SCV x2  
  161  13:43  Marine x4  
  161  13:44  Marine, Marauder x2, Liberator  
  173  13:54  SCV  
  174  13:56  Viking x2  
  174  14:02  Marauder  
  178  14:08  Terran Infantry Armor Level 3, Terran Infantry Weapons Level 3  
  168  14:11  Marine  
  168  14:12  Marauder  
  155  14:25  SCV x3  
  155  14:38  Viking  
  155  14:39  Viking  
  155  14:41  Viking  
  155  14:45  Viking  
  163  14:48  Marine  
  163  14:49  Marine  
  165  14:59  Viking x2  
  160  15:11  Medivac x3  
  112  15:26  Marine x3  
  112  15:27  Marine x3, Marauder  
  80  15:31  Viking  
  78  15:36  SCV  
  77  15:44  Marine x3  
  77  15:45  Marauder x2  
  77  15:47  Marine  
  77  15:48  Marine  
  76  16:02  Marine x2  
  76  16:06  Marauder x2  
  76  16:07  Marauder  
Tags
 
Add a new tag
Caveats
  • Supply blocks, unpowered buildings, or Contaminate may cause inaccurate times.
  • Supply counts are checked every 10 seconds.